 Dungeon Crawl Stone Soup version 0.28-a0-843-gb979743 (webtiles) character file.

Game seed: 9942551247754365026

107 MrTaco21 the Cudgeller (level 4, 0/28 HPs)
             Began as a Gargoyle Fighter on Nov 12, 2021.
             Slain by Duvessa (6 damage)
             ... on level 4 of the Dungeon.
             The game lasted 00:02:25 (1793 turns).

MrTaco21 the Cudgeller (Gargoyle Fighter)           Turns: 1793, Time: 00:02:26

Health: 0/28       AC: 12    Str: 20    XL:     4   Next: 85%
Magic:  4/4        EV:  9    Int:  9    God:
Gold:   46         SH:  4    Dex:  9    Spells: 3/3 levels left

rFire   . . .      SeeInvis .   a - +0 flail
rCold   . . .      Faith    .   c - +0 buckler
rNeg    + . .      Spirit   .   b - +0 scale mail
rPois   ∞          Reflect  .   (no helmet)
rElec   +          Harm     .   (no cloak)
rCorr   .          Rampage  .   j - +0 pair of gloves
Will    .....                   p - +0 pair of boots
Stlth   ..........              (no amulet)
HPRegen 0.09/turn               (no ring)
MPRegen 0.09/turn               (no ring)

@: mighty
A: sickness immunity, AC +3, negative energy resistance 1, electricity
resistance, torment resistance 1, petrification resistance
a: no special abilities


You were on level 4 of the Dungeon.
You visited 1 branch of the dungeon, and saw 4 of its levels.

You collected 46 gold pieces.

Inventory:

Hand Weapons
 a - a +0 flail (weapon)
Armour
 b - a +0 scale mail (worn)
 c - a +0 buckler (worn)
 j - a +0 pair of gloves (worn)
   (You found it on level 1 of the Dungeon)
 p - a +0 pair of boots (worn)
   (You found it on level 4 of the Dungeon)
Scrolls
 e - a scroll of fear {unknown}
 g - a scroll of fog {unknown}
 h - a scroll of enchant armour {unknown}
 k - a scroll of vulnerability {unknown}
 m - a scroll of noise {unknown}
 n - 2 scrolls of identify {unknown}
 o - a scroll of immolation {unknown}
Potions
 f - a potion of mutation {unknown}
 i - a potion of curing {unknown}


   Skills:
 - Level 3.2 Fighting
 + Level 4.9 Maces & Flails
 - Level 3.2 Armour
 - Level 3.2 Shields


You had 3 spell levels left.
You didn't know any spells.
Your spell library was empty.

Dungeon Overview and Level Annotations

Branches:
Dungeon (4/15)
 Temple: D:4-7

Altars:
Yredelemnul

Annotations:
D:4 1 runed translucent door, Duvessa


Innate Abilities, Weirdness & Mutations

You are immune to sickness and miasma.
Your stone body is resilient. (AC +3)
You are immune to poison.
You resist negative energy. (rN+)
You are resistant to electric shocks. (rElec)
You are resistant to unholy torment.
You are immune to petrification.


Message History

You sock the jackal skeleton!
You destroy the jackal skeleton!
No target in view!
No target in view!
No target in view!
No target in view!
No target in view!
No target in view!
No target in view!
No target in view!
No target in view!
No target in view!
No target in view!
No target in view!
No target in view!
You sense Yredelemnul urging you to kill the trapped human.
Found a basalt altar of Yredelemnul.
Found a pair of boots.
Found a long ivory wand.
p - a +0 pair of boots Keep equipping yourself? [Y]es or [N]o only, please.
Keep equipping yourself?
You start putting on your armour.
You continue putting on your +0 pair of boots.
Duvessa shouts!
Duvessa goes berserk!
You continue putting on your +0 pair of boots.
Duvessa hits you with a +0 short sword. Duvessa hits you but does no damage.
You continue putting on your +0 pair of boots.
Duvessa hits you but does no damage.
You continue putting on your +0 pair of boots.
Duvessa hits you with a +0 short sword. Duvessa barely misses you.
You finish putting on your +0 pair of boots.
You closely miss Duvessa. Duvessa hits you with a +0 short sword.
You sock Duvessa! Duvessa hits you with a +0 short sword!
* * * LOW HITPOINT WARNING * * *
Duvessa hits you but does no damage.
You feel much better. Duvessa hits you with a +0 short sword!
Duvessa closely misses you.
You feel very mighty all of a sudden. Duvessa hits you with a +0 short sword.
You sock Duvessa! Duvessa hits you with a +0 short sword!
* * * LOW HITPOINT WARNING * * *
You block Duvessa's attack.
You hit Duvessa. Duvessa hits you but does no damage.
Unknown command.
You sock Duvessa! Duvessa hits you but does no damage.
Duvessa hits you with a +0 short sword.
You die...

.. ######## #.
#.#######....... #.
#......)#>######
#.########<..#### #
####...###########.###
...................##
#....###....###....
#.@..#p#...## #####
###e...#+#...#
..............#
####.8.#####.8#
....###...#### ...##
#._/# ##. #...# #
#####


You could see Duvessa (berserk) and a neutral human (wandering).

Vanquished Creatures
  Dowan (D:4)
  An adder (D:3)
  A worm (D:2)
  2 orcs
  3 ball pythons
  An endoplasm (D:2)
  A giant cockroach (D:2)
  4 goblins (D:2)
  5 hobgoblins (D:2)
  5 jackals
  A kobold (D:1)
  3 quokkas (D:2)
  4 bats
  3 frilled lizards
  A jackal skeleton (D:4)
  6 rats
42 creatures vanquished.

Notes
Turn   | Place    | Note
-------+----------+-------------------------------------------
     0 | D:1      | MrTaco21 the Gargoyle Fighter began the quest for the Orb.
     0 | D:1      | Reached XP level 1. HP: 14/14 MP: 1/1
   205 | D:1      | Found a faded altar of an unknown god.
   439 | D:1      | Reached XP level 2. HP: 19/19 MP: 2/2
   924 | D:2      | Reached skill level 3 in Maces & Flails
  1080 | D:2      | Reached XP level 3. HP: 21/23 MP: 3/3
  1588 | D:3      | Reached skill level 4 in Maces & Flails
  1631 | D:3      | Reached XP level 4. HP: 27/28 MP: 4/4
  1686 | D:4      | Noticed Dowan
  1707 | D:4      | Killed Dowan
  1767 | D:4      | Found a runed translucent door.
  1767 | D:4      | Noticed a human
  1768 | D:4      | Found a basalt altar of Yredelemnul.
  1782 | D:4      | Noticed Duvessa
  1793 | D:4      | Slain by Duvessa

Illustrated notes

Levels and vault maps discovered:
D:1:      evilmike_arrival_crescent, layout_loops_ring,
          hellmonk_ecumenical_altar_pennies_from_heaven
D:2:      layout_rooms, minmay_misc_feat_iff, minmay_goblin_kobold_house
D:3:      layout_loops_cross
D:4:      layout_loops_ring, dk_yredelemnul_ordeal, amcnicky_altar_gilded,
          uniq_duvessa, uniq_crazy_yiuf_cottage

Skill      XL: |  1  2  3 |
---------------+----------+-----
Maces & Flails | 3 4 |  4.9
Fighting       | |  3.2
Armour         | |  3.2
Shields        | |  3.2

Action                   |  1- 3 |  4- 6 || total
-------------------------+-------+-------++-------
Melee: Flail             |   125 |    21 ||   146
  Use: Potion            |       |     2 ||     2
Armor: Scale mail        |    71 |     8 ||    79
Dodge: Dodged            |    54 |     6 ||    60
Block: Buckler           |    14 |     7 ||    21

Table legend: (Time is in decaauts)
 A = Elapsed time spent in this place.
 B = Non-inter-level travel time spent in this place.
 C = Inter-level travel time spent in this place.
 D = Time resting spent in this place.
 E = Time spent auto-exploring this place.
 F = Levels seen in this place.
 G = Mean time per level.
                   A        B        C        D        E       F      G
               +--------+--------+--------+--------+--------+-----+--------+
         Total |   1833 |   1773 |     60 |     33 |   1385 |   4 |  458.2 |
       Dungeon |   1833 |   1773 |     60 |     33 |   1385 |   4 |  458.2 |
               +--------+--------+--------+--------+--------+-----+--------+

Top non-repeatable levels by time:
     D:2: 796 daAuts
     D:1: 793 daAuts
     D:4: 162 daAuts
     D:3: 81 daAuts
